 Dungeon Crawl Stone Soup version 0.31-a0-819-gf6de2f5ab6 (webtiles) character file.

Game seed: 6560422278121063657

57 qw the Shooter (level 4, -1/27 HPs)
             Began as a Gargoyle Hunter on Sept 23, 2023.
             Slain by a goblin
             ... wielding a +0 club
             ... led by Robin
              (2 damage)
             ... on level 2 of the Dungeon.
             The game lasted 00:00:28 (751 turns).

qw the Shooter (Gargoyle Hunter)                     Turns: 751, Time: 00:00:29

Health: -1/27      AC:  8    Str: 14    XL:     4   Next: 0%
Magic:  4/4        EV: 11    Int: 10    God:
Gold:   69         SH:  0    Dex: 21    Spells: 3/3 levels left

rFire   . . .        Y - +0 shortbow
rCold   . . .        (shield currently unavailable)
rNeg    + . .        g - +0 ring mail
rPois   inf          (no helmet)
rElec   +            (no cloak)
rCorr   .            (no gloves)
SInv    .            (no boots)
Will    .....        (no amulet)
Stlth   +            d - +6 ring of dexterity
HPRegen 0.24/turn    (no ring)
MPRegen 0.09/turn

%: no passive effects
@: no status effects
A: sickness immunity, AC +3, negative energy resistance 1, electricity
resistance, torment resistance 1, petrification resistance
a: no special abilities


You were on level 2 of the Dungeon.
You visited 1 branch of the dungeon, and saw 2 of its levels.

You collected 69 gold pieces.


Innate Abilities, Weirdness & Mutations

You are immune to sickness and miasma.
Your stone body is resilient. (AC +3)
You are immune to poison.
You resist negative energy. (rN+)
You are resistant to electric shocks. (rElec)
You are resistant to unholy torment.
You are immune to petrification.


   Skills:
 + Level 2.9 Fighting
 - Level 5.0 Ranged Weapons
 - Level 1.0 Armour
 - Level 1.5 Dodging
 - Level 1.1 Stealth


You had 3 spell levels left.
You didn't know any spells.
Your spell library was empty.

Inventory:

Hand Weapons
 Y - a +0 shortbow (weapon)
Armour
 g - a +0 ring mail (worn)
Jewellery
 d - a +6 ring of dexterity (left hand)
Scrolls
 a - 3 scrolls of identify
Potions
 e - a potion of curing
 i - a potion of degeneration {unknown}

Dungeon Overview and Level Annotations

Branches:
Dungeon (2/15)

Altars:


Message History

You kill the goblin!
The goblin closely misses you. The goblin misses you.
The goblin hits you but does no damage.
You have reached level 4!
You feel clever.
You shoot an arrow. The arrow hits Robin!
Robin is heavily wounded.
The goblin hits you with a +0 club.
Robin says, "We wiped out the hill dwarves - you're next!"
Robin completely misses you. The goblin hits you with a +0 dagger.
The goblin misses you.
You shoot an arrow.
The arrow hits Robin but does no damage.
Robin is heavily wounded.
The goblin no longer looks unusually strong.
The goblin hits you with a +0 club. The goblin misses you.
The goblin hits you but does no damage. x2; The goblin closely misses you.
Robin roars a battlecry!
The goblin goes into a battle-frenzy!
The goblin completely misses you.
You shoot an arrow. The arrow closely misses Robin.
The goblin no longer looks unusually strong.
The goblin closely misses you. The goblin completely misses you.
Robin roars a battlecry!
The goblin goes into a battle-frenzy!
The goblin barely misses you.
You shoot an arrow. The arrow hits Robin.
Robin is severely wounded.
The goblin no longer looks unusually strong.
The goblin hits you with a +0 club.
Robin roars a battlecry!
The goblin goes into a battle-frenzy!
The goblin barely misses you. The goblin hits you with a +0 dagger.
You shoot an arrow.
The arrow hits Robin but does no damage.
Robin is severely wounded.
The goblin closely misses you.
The goblin hits you but does no damage. x2
You shoot an arrow. The arrow hits Robin!
You kill Robin!
The goblin hits you with a +0 club. x2
You die...

....# ....#.... ...#
....#.... ...##
....#...##...##?..#
....#...##...##...#
....#...##...##...#
....##...#...# ...
#.####...#.<[# #g####+##
#.####...#...# #@)......
#.##....##[..###gg......
..%'............%.......
..##.....###....#.......
..#......# #....####)..#
..#......###....####...#
..#......#...........)..
....####.#........... ..
###. #.#...........#


You could see 3 goblins.

Vanquished Creatures
  Robin (D:2)
  An adder (D:2)
  A worm (D:2)
  3 endoplasms (D:1)
  6 giant cockroaches (D:1)
  6 hobgoblins
  3 jackals (D:1)
  4 kobolds (D:1)
  A quokka (D:2)
  2 ball pythons (D:1)
  A bat (D:1)
  A frilled lizard (D:1)
  5 goblins
  6 rats
41 creatures vanquished.

Notes
Turn   | Place    | Note
-------+----------+-------------------------------------------
     0 | D:1      | qw the Gargoyle Hunter began the quest for the Orb.
     0 | D:1      | Reached XP level 1. HP: 12/12 MP: 1/1
     0 | D:1      | 0 ||| qw: Version: 0.3-a-83-gcd0e7d8
     0 | D:1      | 0 ||| qw: Game counter: 1675
     0 | D:1      | 0 ||| qw: Melee chars always use a shield: true
     0 | D:1      | 0 ||| qw: God list: Okawaru
     0 | D:1      | 0 ||| qw: Allow faded altars: false
     0 | D:1      | 0 ||| qw: Do Orc after clearing Dungeon:15 true
     0 | D:1      | 0 ||| qw: Do second Lair branch before Depths: true
     0 | D:1      | 0 ||| qw: Lair rune preference: random
     0 | D:1      | 0 ||| qw: Goals: Normal
     0 | D:1      | 0 ||| PLANNING D:1-11
   124 | D:1      | Reached XP level 2. HP: 15/17 MP: 2/2
   512 | D:1      | 512 ||| UPGRADING to +0 ring mail.
   522 | D:1      | 522 ||| DROPPING +0 leather armour.
   523 | D:1      | 523 ||| UPGRADING to +6 ring of dexterity.
   524 | D:1      | 524 ||| READING scroll labelled QERILE XOEGG.
   525 | D:1      | 525 ||| READING scroll labelled GOIHOPP IHOCLE.
   536 | D:1      | 536 ||| READING scroll labelled YROEN YDWOARU.
   537 | D:1      | 537 ||| DRINKING 2 viscous black potions.
   538 | D:1      | 538 ||| DROPPING scroll of butterflies.
   556 | D:2      | 556 ||| STAIRDANCE
   560 | D:1      | Reached XP level 3. HP: 20/21 MP: 3/3
   564 | D:2      | 564 ||| STAIRDANCE
   572 | D:1      | Reached skill level 1 in Armour
   671 | D:2      | Reached skill level 5 in Ranged Weapons
   732 | D:2      | Noticed Robin
   746 | D:2      | Reached XP level 4. HP: 14/27 MP: 4/4
   749 | D:2      | HP: 4/27 [goblin/+0 dagger[Robin] (3)]
   751 | D:2      | Killed Robin
   751 | D:2      | HP: 1/27 [goblin/+0 club[Robin] (3)]
   751 | D:2      | Slain by a goblin

Levels and vault maps discovered:
D:1:      amcnicky_arrival_wind_blow, layout_basic, minmay_worlds_worst_comb
D:2:      layout_basic, uniq_sigmund, uniq_robin

Skill      XL: |  1  2  3 |
---------------+----------+-----
Armour         | 1 |  1.0
Ranged Weapons | 5 |  5.0
Fighting       | |  2.9
Dodging        | |  1.5
Stealth        | |  1.1

Action                     |  1- 3 |  4- 6 || total
---------------------------+-------+-------++-------
   Fire: Shortbow          |   112 |     6 ||   118
    Use: Scroll            |     3 |       ||     3
         Potion            |     1 |       ||     1
 Armour: Leather armour    |    17 |       ||    17
         Ring mail         |    45 |    11 ||    56
  Dodge: Dodged            |    48 |    10 ||    58

Table legend:
 A = Non-vault XP
 B = Vault XP
 C = Vault XP percentage of total XP
 D = Non-vault monster count
 E = Vault monster count
 F = Vault count percentage of total count
                 A         B        C        D         E       F
            +---------+---------+-------+---------+---------+-------
      Total |      60 |      37 |  38.1 |      29 |      12 |  29.3
            +---------+---------+-------+---------+---------+-------
        D:1 |      33 |       8 |  19.5 |      22 |       4 |  15.4
        D:2 |      27 |      29 |  51.8 |       7 |       8 |  53.3
            +---------+---------+-------+---------+---------+-------
